 Dungeon Crawl Stone Soup version 0.21-a0-529-g8c7b3f5 (webtiles) character file.

184 tof the Skirmisher (level 5, 0/55 HPs)
             Began as an Ogre Berserker on Dec 9, 2017.
             Was a Believer of Trog.
             Shot with an arrow by a centaur (8 damage)
             ... on level 5 of the Dungeon.
             The game lasted 00:04:35 (4368 turns).

tof the Skirmisher (Ogre Berserker)                 Turns: 4368, Time: 00:04:36

Health: 0/55       AC:  3    Str: 21    XL:     5   Next: 64%
Magic:  5/5        EV: 10    Int:  8    God:    Trog [**....]
Gold:   129        SH:  0    Dex:  9    Spells: 4/4 levels left

rFire    . . .     SeeInvis .   p - +2 flail (crush)
rCold    . . .     Gourm    .   (no shield)
rNeg     . . .     Faith    .   b - +0 animal skin
rPois    .         Spirit   .   (helmet restricted)
rElec    .         Reflect  .   (no cloak)
rCorr    .         Harm     .   (gloves unavailable)
MR       .....                  (boots unavailable)
Stlth    +.........             (no amulet)
HPRegen  0.18/turn              (no ring)
MPRegen  0.09/turn              (no ring)

@: no status effects
A: large, unfitting armour, tough skin 1
a: Berserk, Trog's Hand, Burn Spellbooks, Renounce Religion


You were on level 5 of the Dungeon.
You worshipped Trog.
Trog was pleased with you.
You were not hungry.

You visited 1 branch of the dungeon, and saw 5 of its levels.

You collected 129 gold pieces.

Inventory:

Hand Weapons
 a - a +0 mace
 p - a +2 flail of crushing (weapon)
Missiles
 i - a throwing net (quivered)
Armour
 b - a +0 animal skin (worn)
Wands
 r - a wand of disintegration (16)
Scrolls
 d - 10 scrolls of identify {unknown}
 e - a scroll of enchant armour {unknown}
 m - a scroll of fog {unknown}
 o - a scroll of blinking {unknown}
 u - a scroll of teleportation {unknown}
Potions
 f - a potion of heal wounds
 g - a potion of might {unknown}
 h - 5 potions of curing {unknown}
 k - a potion of mutation {unknown}
 n - a potion of berserk rage {unknown}
 q - 2 potions of ambrosia {unknown}
 s - a potion of lignification {unknown}
Comestibles
 c - 4 bread rations
 l - 2 royal jellies


   Skills:
 + Level 4.8 Fighting
 * Level 3.9 Maces & Flails
 + Level 1.7 Throwing
 + Level 1.5 Armour
 + Level 3.3 Dodging


You had 4 spell levels left.
You didn't know any spells.

Dungeon Overview and Level Annotations

Branches:
Dungeon (5/15)
 Temple: D:4-7

Altars:
Dithmenos


Innate Abilities, Weirdness & Mutations

You are too large for most types of armour.
You have tough skin. (AC +1)


Message History

Throwing (i - inventory. (,) - cycle):
j - a tomahawk (quivered)
Press: ? - help, Shift-Dir - straight line, f/p - centaur
Aim: a centaur, wielding a shortbow (lightly wounded)
You throw a tomahawk. The tomahawk barely misses the centaur.
The centaur shoots an arrow.
The arrow hits you.
The centaur shoots an arrow.
The arrow completely misses you.
A leopard gecko zombie comes into view.
The centaur shoots an arrow.
The arrow hits you!
You see here an arrow.
The centaur shoots an arrow.
The arrow hits you!
The centaur shoots an arrow.
The arrow barely misses you.
The centaur shoots an arrow.
The arrow hits you!
* * * LOW HITPOINT WARNING * * *
You see here 3 arrows.
The centaur shoots an arrow.
The arrow hits you.
* * * LOW HITPOINT WARNING * * *
There is a stone staircase leading up here.
You see here 3 arrows.
The centaur shoots an arrow.
The arrow hits you!
You die...

# .#
#####.#####
#@(.Z.....#
#......c...
#..##.###..
#..# .#
#..# . +>..
.. #... ..
##.## ###


You could see a centaur and a leopard gecko zombie.

Vanquished Creatures
  A howler monkey (D:4)
  A howler monkey skeleton (D:4)
  7 adders
  3 worms
  A dart slug (D:1)
  5 leopard geckos
  6 orcs (D:3)
  3 giant cockroaches
  5 goblins
  3 hobgoblins
  2 quokkas
  2 ball pythons
  8 bats
  4 frilled lizards
  3 kobolds
  A leopard gecko skeleton (D:4)
  7 rats
62 creatures vanquished.

Notes
Turn   | Place    | Note
-------+----------+-------------------------------------------
     0 | D:1      | tof the Ogre Berserker began the quest for the Orb.
     0 | D:1      | Reached XP level 1. HP: 24/24 MP: 1/1
   707 | D:1      | Reached XP level 2. HP: 32/32 MP: 2/2
  1346 | D:2      | Reached XP level 3. HP: 26/39 MP: 3/3
  2074 | D:3      | Reached skill level 1 in Armour
  2207 | D:3      | Reached skill level 1 in Throwing
  2212 | D:3      | Found a shadowy altar of Dithmenos.
  2217 | D:3      | Reached XP level 4. HP: 49/49 MP: 4/4
  2230 | D:3      | Reached ** piety under Trog
  3385 | D:3      | Reached XP level 5. HP: 8/55 MP: 5/5
  4361 | D:5      | Entered Level 5 of the Dungeon
  4361 | D:5      | Noticed a centaur
  4368 | D:5      | Shot with an arrow by a centaur

Vault maps used:
D:1:      ncdulo_wetmaze, serial_co_window_serial, co_window_paths_a,
          co_window_paths_a, co_window_cross_1, co_window_paths_a,
          co_window_of_opportunity_a, co_window_2corner, co_window_corner_ca,
          co_window_cross_3, co_window_of_opportunity_c, co_window_broadway_b,
          co_window_broadway_a, corexii_corridor_pit
D:2:      first_bread, due_unseen_surprise
D:3:      nicolae_dithmenos_shadow_blocks
D:5:      zin_academy

Skill      XL: |  1  2  3 |
---------------+----------+-----
Maces & Flails | 3 |  3.9
Armour         | 1 |  1.5
Throwing       | 1 |  1.7
Dodging        | 3 |  3.3
Fighting       | |  4.8

Action                   |  1- 3 |  4- 6 || total
-------------------------+-------+-------++-------
Melee: Mace              |   131 |    24 ||   155
       Flail             |       |    57 ||    57
Throw: Tomahawk          |       |    15 ||    15
       Throwing net      |       |     1 ||     1
Invok: Berserk           |     1 |       ||     1
  Use: Potion            |       |     1 ||     1
 Stab: Sleeping          |     1 |       ||     1
  Eat: Chunk             |     4 |     8 ||    12
Armor: Animal skin       |    62 |    18 ||    80
Dodge: Dodged            |    92 |    56 ||   148

Table legend:
 A = Spawn XP
 B = Non-spawn XP
 C = Spawn XP percentage of total XP
 D = Spawn monster count
 E = Non-spawn monster count
 F = Spawn count percentage of total count
 G = Total turns spent on level
                    A         B        C        D         E        F      G
               +---------+---------+-------+---------+---------+-------+---------
         Total |       0 |     264 |   0.0 |       0 |      62 |   0.0 |  4368
               +---------+---------+-------+---------+---------+-------+---------
           D:1 |       0 |      16 |   0.0 |       0 |      10 |   0.0 |   929
           D:2 |       0 |      42 |   0.0 |       0 |      19 |   0.0 |  1131
           D:3 |       0 |     109 |   0.0 |       0 |      23 |   0.0 |  1683
           D:4 |       0 |      97 |   0.0 |       0 |      10 |   0.0 |   618
               +---------+---------+-------+---------+---------+-------+---------
